cohdb
Replays
Latest Replays
All Replays
Popular Replays
Top Player Replays
Match Explorer
How It Works
Community
CoH3 Stats
Reddit
Sign in to upload your games and track your stats! →
Sign in with Steam
Match 46609882
Unlisted
Match 46609882
Overview
Messages
Build Orders
End
Selects Italian Combined Arms Battlegroup
Selects Bersaglieri Squad
Bersaglieri Squad
250 Light Carrier
Bersaglieri Squad
Construct Light Support Kompanie
Combat Half-tracks
Bersaglieri Squad
Selects Bersaglieri Bolster
Fire Support Elements
Flakvierling Half-track
Assault Mechanized Group
Construct Panzerarmee Kommand
Selects Breda Model 30 Light Machine Guns
Bersaglieri Squad
屑馒头_super sher
mi prima de Cifuentes
Kcodarc
厄运宣告丶2012
Starfucker
KELE
six7888
Siso
0
0
Comments
sign in to comment!
No comments posted yet!